 Dungeon Crawl Stone Soup version 0.31-a0-179-g1846a1fd2d (webtiles) character file.

Game seed: 16949983223065357683

379 qw the Chopper (level 6, 0/38 HPs)
             Began as a Gargoyle Fighter on June 19, 2023.
             Slain by a wight
             ... wielding a +0 falchion
              (1 damage)
             ... on level 4 of the Dungeon.
             The game lasted 00:01:09 (2398 turns).

qw the Chopper (Gargoyle Fighter)                   Turns: 2398, Time: 00:01:10

Health: 0/38       AC: 14    Str: 21    XL:     6   Next: 74%
Magic:  6/6        EV:  7    Int:  9    God:
Gold:   165        SH:  4    Dex:  9    Spells: 5/5 levels left

rFire   + . .        Y - +0 war axe (heavy)
rCold   . . .        c - +0 buckler
rNeg    + . .        i - +1 chain mail {rF+}
rPois   inf          (no helmet)
rElec   +            (no cloak)
rCorr   .            (no gloves)
SInv    .            (no boots)
Will    .....        (no amulet) Stlth
                     (no ring)
HPRegen 0.26/turn    (no ring)
MPRegen 0.10/turn

%: no passive effects
@: about to teleport
A: sickness immunity, AC +4, negative energy resistance 1, electricity
resistance, torment resistance 1, petrification resistance
a: no special abilities


You were on level 4 of the Dungeon.
You visited 1 branch of the dungeon, and saw 5 of its levels.

You collected 165 gold pieces.


Innate Abilities, Weirdness & Mutations

You are immune to sickness and miasma.
Your stone body is resilient. (AC +4)
You are immune to poison.
You resist negative energy. (rN+)
You are resistant to electric shocks. (rElec)
You are resistant to unholy torment.
You are immune to petrification.


   Skills:
 - Level 4.1 Fighting
 - Level 6.0 Axes
 - Level 3.2 Armour
 + Level 0.1 Dodging
 - Level 3.2 Shields


You had 5 spell levels left.
You didn't know any spells.
Your spell library was empty.

Inventory:

Hand Weapons
 a - a +0 flail
 Y - a +0 heavy war axe (weapon)
Armour
 c - a +0 buckler (worn)
 i - a +1 chain mail of fire resistance (worn)
Potions
 b - a potion of enlightenment {unknown}
 d - a potion of might
 e - a potion of attraction
 f - a potion of heal wounds {unknown}
 g - a potion of mutation {unknown}
 h - 2 potions of curing

Dungeon Overview and Level Annotations

Branches:
Dungeon (5/15)
 Temple: D:4-7

Altars:
Makhleb
Xom

Annotations:
D:4 Natasha


Message History

Natasha's front paws start to glow.
A wight comes into view. It is wielding a +1 halberd.
The wight hits you but does no damage.
You hit the wight.
The wight is moderately damaged.
You block the cerulean imp's attack. You block the wight's attack.
The cerulean imp hits you but does no damage.
You block the wight's attack.
You barely miss the wight.
The wight is moderately damaged.
You barely miss the wight.
The cerulean imp hits you but does no damage.
A wight comes into view. It is wielding a +1 long sword.
The wight hits you but does no damage. The wight hits you with a +0 falchion!
The cerulean imp hits you but does no damage.
The wight barely misses you. The wight hits you with a +2 falchion.
The wight barely misses you.
You barely miss the wight.
The wight is moderately damaged.
You barely miss the wight. The cerulean imp barely misses you.
The wight hits you from afar with a +1 halberd.
The wight hits you with a +2 falchion. The wight barely misses you.
The cerulean imp hits you but does no damage.
You hit the wight but do no damage.
The wight is moderately damaged.
You slash the wight! The wight hits you but does no damage.
The wight closely misses you. The wight hits you with a +0 falchion.
The cerulean imp hits you but does no damage.
The wight hits you with a +0 falchion.
The wight hits you from afar with a +1 halberd.
You block the wight's attack.
2398 ||| READING scroll of teleportation.
As you read the scroll of teleportation, it crumbles to dust.
You feel strangely unstable.
The cerulean imp hits you from afar with a +0 spear.
The wight hits you but does no damage. x2
The wight hits you with a +0 falchion.
You die...

#.# .. ..# #.
### g. #. .
##.##
...###..z#####.#
#######
#.....#z.5h5...
#...... #.z@#
#.##### ##z##
#.# #.# #.# #.#
#.#.# #######.#
#.#.# #.......#
#.#.# #.#######
#.#.# #.# #.#.#
#.#############
#.#.#


You could see 4 wights, Natasha, 2 cerulean imps and a hobgoblin (wandering).

Vanquished Creatures
  2 ogres
  2 jellies
  An orc priest (D:5)
  Natasha (D:4)
  3 adders
  7 orcs
  4 endoplasms (D:1)
  4 giant cockroaches
  9 goblins
  2 hobgoblins
  4 jackals (D:1)
  6 kobolds
  A quokka (D:4)
  6 ball pythons
  6 bats
  2 frilled lizards (D:2)
  2 rats
62 creatures vanquished.

Notes
Turn   | Place    | Note
-------+----------+-------------------------------------------
     0 | D:1      | qw the Gargoyle Fighter began the quest for the Orb.
     0 | D:1      | Reached XP level 1. HP: 14/14 MP: 1/1
     0 | D:1      | 0 ||| qw: Version: 0.3-a-7-ge0c9b40
     0 | D:1      | 0 ||| qw: Game counter: 885
     0 | D:1      | 0 ||| qw: Always use a shield: true
     0 | D:1      | 0 ||| qw: God list: Okawaru
     0 | D:1      | 0 ||| qw: Allow faded altars: false
     0 | D:1      | 0 ||| qw: Do Orc after D:15 true
     0 | D:1      | 0 ||| qw: Do second Lair branch before Depths: true
     0 | D:1      | 0 ||| qw: Lair rune preference: random
     0 | D:1      | 0 ||| qw: Plans: Normal, Zot:1-4, Slime:5, God:TSO, Crypt,
                  | Tomb, Abyss, Pan, Hells, Win
     0 | D:1      | 0 ||| PLANNING D:1-11
    36 | D:1      | Reached skill level 2 in Axes
    74 | D:1      | 74 ||| READING scroll labelled VEC FIOMMUIP.
   203 | D:1      | Reached XP level 2. HP: 14/19 MP: 2/2
   306 | D:1      | 306 ||| Stepping ~*~*~tactically~*~*~ (stealth).
   308 | D:1      | 308 ||| Stepping ~*~*~tactically~*~*~ (stealth).
   349 | D:1      | Reached skill level 3 in Axes
   353 | D:1      | Reached XP level 3. HP: 22/23 MP: 3/3
   403 | D:1      | 403 ||| Stepping ~*~*~tactically~*~*~ (stealth).
   564 | D:1      | 564 ||| Stepping ~*~*~tactically~*~*~ (stealth).
   565 | D:1      | 565 ||| Stepping ~*~*~tactically~*~*~ (stealth).
   590 | D:1      | 590 ||| READING scroll labelled FOZXICW VETOTERR.
   724 | D:2      | Found a shimmering altar of Xom.
   736 | D:2      | 736 ||| Stepping ~*~*~tactically~*~*~ (stealth).
   746 | D:2      | 746 ||| Stepping ~*~*~tactically~*~*~ (stealth).
   747 | D:2      | 747 ||| Stepping ~*~*~tactically~*~*~ (stealth).
   853 | D:2      | Reached XP level 4. HP: 27/28 MP: 4/4
  1265 | D:2      | 1265 ||| UPGRADING to +1 chain mail of fire resistance.
  1275 | D:2      | 1275 ||| DROPPING +0 scale mail.
  1276 | D:2      | 1276 ||| READING scroll labelled MUSUFYGGEW.
  1277 | D:2      | 1277 ||| READING scroll labelled CIQ SUPTUMNOCY.
  1278 | D:2      | 1278 ||| READING scroll labelled PIANAN TYLOUH.
  1279 | D:2      | 1279 ||| DRINKING 2 dark potions.
  1309 | D:3      | You fall into a shaft and drop 2 floors!
  1309 | D:5      | Entered Level 5 of the Dungeon
  1413 | D:5      | 1413 ||| Stepping ~*~*~tactically~*~*~ (stealth).
  1415 | D:5      | 1415 ||| Stepping ~*~*~tactically~*~*~ (hiding).
  1424 | D:5      | HP: 6/28 [acid (3)]
  1425 | D:5      | 1425 ||| READING scroll of teleportation.
  1426 | D:5      | HP: 1/28 [acid (2)]
  1427 | D:5      | Reached skill level 4 in Axes
  1537 | D:5      | 1537 ||| Stepping ~*~*~tactically~*~*~ (stealth).
  1548 | D:5      | Reached XP level 5. HP: 32/32 MP: 5/5
  1554 | D:5      | 1554 ||| DROPPING +0 whip.
  1588 | D:5      | Noticed an ogre
  1594 | D:5      | Killed an ogre
  1595 | D:5      | Reached skill level 5 in Axes
  1595 | D:5      | Reached XP level 6. HP: 13/37 MP: 6/6
  1825 | D:5      | 1825 ||| DRINKING 3 sedimented clear potions.
  1848 | D:4      | 1848 ||| READING scroll of teleportation.
  1851 | D:4      | Found a burning altar of Makhleb.
  1991 | D:4      | Noticed Natasha
  2001 | D:4      | Killed Natasha
  2151 | D:4      | HP: 2/38 [ogre/+0 giant club (12)]
  2153 | D:4      | Reached skill level 6 in Axes
  2177 | D:4      | HP: 6/38 [orc/+0 flail (3)]
  2177 | D:4      | HP: 1/38 [orc/+0 flail (5)]
  2389 | D:4      | Noticed Natasha
  2397 | D:4      | HP: 9/38 [wight/+0 falchion (4)]
  2397 | D:4      | HP: 4/38 [wight/+1 halberd (2)]
  2398 | D:4      | 2398 ||| READING scroll of teleportation.
  2398 | D:4      | HP: 1/38 [cerulean imp/+0 spear[Natasha] (3)]
  2398 | D:4      | Slain by a wight

Levels and vault maps discovered:
D:1:      lordsloth_arrival_two_stooges, layout_basic, serial_glass,
          glass_columns_a, glass_columns_a, minmay_tripent
D:2:      layout_loops_cross, basic_altar
D:3:      layout_basic, elyvilon_altar_4, kennysheep_generic_room_16,
          uniq_sigmund, uniq_grinder
D:4:      layout_loops_ring, lemuel_doored_altar, uniq_natasha
D:5:      layout_gridville, nicolae_fountain_basement

Skill      XL: |  1  2  3  4  5  6 |
---------------+-------------------+-----
Axes           | 2 3 4 5 6 |  6.0
Fighting       | 4 |  4.1
Armour         | |  3.2
Dodging        | |  0.1
Shields        | |  3.2

Action                     |  1- 3 |  4- 6 || total
---------------------------+-------+-------++-------
  Melee: War axe           |   102 |    85 ||   187
    Use: Scroll            |     2 |     6 ||     8
         Potion            |       |     2 ||     2
 Armour: Scale mail        |    59 |     7 ||    66
         Chain mail        |       |    51 ||    51
  Dodge: Dodged            |    68 |    32 ||   100
  Block: Buckler           |    21 |    18 ||    39

Table legend:
 A = Non-vault XP
 B = Vault XP
 C = Vault XP percentage of total XP
 D = Non-vault monster count
 E = Vault monster count
 F = Vault count percentage of total count
                 A         B        C        D         E       F
            +---------+---------+-------+---------+---------+-------
      Total |     502 |      40 |   7.4 |      59 |       3 |   4.8
            +---------+---------+-------+---------+---------+-------
        D:1 |      43 |       4 |   8.5 |      25 |       2 |   7.4
        D:2 |      42 |       0 |   0.0 |      14 |       0 |   0.0
        D:4 |     185 |      36 |  16.3 |      13 |       1 |   7.1
        D:5 |     232 |       0 |   0.0 |       7 |       0 |   0.0
            +---------+---------+-------+---------+---------+-------
